 Dungeon Crawl Stone Soup version 0.30-a0-223-gcb0039aa0c (webtiles) character file.

Game seed: 8595778546262118852

2834 porpoise the Spear-Bearer (level 9, -3/108 HPs)
             Began as a Demonspawn Gladiator on Oct 10, 2022.
             Was a Believer of Trog.
             Slain by a killer bee (4 damage)
             ... on level 8 of the Dungeon.
             The game lasted 00:20:58 (6987 turns).

porpoise the Spear-Bearer (Demonspawn Gladiator)    Turns: 6987, Time: 00:20:59

Health: -3/108     AC:  9    Str: 25    XL:     9   Next: 45%
Magic:  0/18       EV: 12    Int: 10    God:    Trog [**....]
Gold:   504        SH:  0    Dex: 14    Spells: 8/8 levels left

rFire   . . .      SeeInvis .    b - +0 lajatang
rCold   . . .      Faith    .    (shield currently unavailable)
rNeg    . . .      Spirit   +    k - +0 ring mail
rPois   .          Reflect  .    (helmet restricted)
rElec   .          Harm     .    (no cloak)
rCorr   .          Rampage  .    j - +0 pair of gloves
Will    ++...                    x - +0 pair of boots
Stlth   ..........               l - amulet of guardian spirit
HPRegen 1.38/turn                g - ring of magical power
MPRegen 0.32/turn                y - +6 ring of strength

@: berserking, lethally poisoned (-3 -> -14), strong-willed, regenerating, very
quick
A: antennae 2, icy blue scales 1, spiny 1, magic regeneration
a: Renounce Religion, Berserk, Trog's Hand


You were on level 8 of the Dungeon.
You worshipped Trog.
Trog was pleased with you.
You visited 2 branches of the dungeon, and saw 9 of its levels.

You collected 504 gold pieces.

Inventory:

Hand Weapons
 a - a +0 trident
 b - a +0 lajatang (weapon)
Missiles
 c - 2 atropa-tipped darts
 d - 4 throwing nets (quivered)
 e - 5 javelins
 C - a boomerang
 D - 4 poisoned darts
 F - 2 curare-tipped darts
Armour
 j - a +0 pair of gloves (worn)
 k - a +0 ring mail (worn)
 x - a +0 pair of boots (worn)
Jewellery
 g - a ring of magical power (left hand)
 l - an amulet of guardian spirit (around neck)
 y - a +6 ring of strength (right hand)
Wands
 h - a wand of iceblast (11)
Scrolls
 i - a scroll of blinking
 o - a scroll of butterflies {unknown}
 r - a scroll of fear {unknown}
 t - a scroll of amnesia {unknown}
 u - a scroll of vulnerability
 v - a scroll of immolation
 w - a scroll of acquirement {unknown}
 z - 2 scrolls of teleportation
Potions
 f - a potion of heal wounds
 m - a potion of lignification
 n - a potion of invisibility
 p - 2 potions of berserk rage
 q - 4 potions of curing
 s - 2 potions of flight
 A - a potion of resistance
 B - a potion of cancellation
 E - a potion of attraction
 G - a potion of magic {unknown}


   Skills:
 - Level 7.0 Fighting
 - Level 9.5(9.7) Polearms
 + Level 2.0(6.3) Staves
 - Level 2.4 Throwing
 + Level 2.0 Armour
 + Level 4.0 Dodging


You had 8 spell levels left.
You didn't know any spells.
Your spell library was empty.

Dungeon Overview and Level Annotations

Branches:
Dungeon (8/15)             Temple (1/1) D:4
   Lair: D:8-11

Altars:
Ashenzari
Cheibriados
Dithmenos
Fedhas
Hepliaklqana
Kikubaaqudgha
Makhleb
Nemelex Xobeh
Okawaru
Qazlal
Ru
Sif Muna
Trog
Uskayaw
Vehumet
Wu Jian
Xom
Yredelemnul

Shops:
D:5 =(


Innate Abilities, Weirdness & Mutations

You have a pair of antennae on your head.
You are partially covered in icy blue scales. (AC +2)
You are partially covered in sharp spines.
You regenerate magic rapidly.


Message History

* * * LOW HITPOINT WARNING * * *
The killer bee barely misses you. x2
The killer bee is struck by your spines.
The killer bee barely misses you.
The killer bee stings you but does no damage.
The killer bee is struck by your spines.
The killer bee misses you.
You completely miss the killer bee.
The killer bee is moderately wounded.
You feel sick.
The killer bee stings you but does no damage.
The killer bee barely misses you. x2
The killer bee is struck by your spines.
The killer bee stings you.
* * * LOW HITPOINT WARNING * * *
You are lethally poisoned!
The killer bee poisons you!
You closely miss the killer bee.
The killer bee is severely wounded.
* * * LOW HITPOINT WARNING * * *
You feel very sick. The killer bee stings you.
The killer bee closely misses you.
The killer bee is struck by your spines.
The killer bee stings you but does no damage.
The killer bee stings you.
* * * LOW HITPOINT WARNING * * *
You are more poisoned.
The killer bee poisons you!
You completely miss the killer bee.
The killer bee is almost dead.
* * * LOW HITPOINT WARNING * * *
You feel very sick.
The killer bee is struck by your spines.
The killer bee completely misses you.
The killer bee is struck by your spines.
The killer bee closely misses you. The killer bee misses you.
The killer bee closely misses you.
The killer bee is struck by your spines.
The killer bee stings you!
You die...

########
#......#
#......#
#....†.#
#.^..<.#
#......##
.####.......#.#
........y......♣
#......@y...♣♣♣.
#.###..yy♣.♣.♣ #
#.##♣..♣..♣ #.
♣♣.♣... #. ♣....
#. .♣.


You could see 4 killer bees.

Vanquished Creatures
  Sigmund (D:3)
  3 yaks (D:5)
  A steam dragon (D:7)
  A water moccasin (D:7)
  2 black bears
  An orc warrior (D:7)
  An ogre (D:4)
  A phantom (D:4)
  2 necrophages
  A scorpion (D:6)
  3 bullfrogs
  9 killer bees
  A howler monkey (D:5)
  A vampire bat (D:3)
  2 orc priests
  3 hounds
  A gnoll bouda (D:6)
  3 iguanas
  Jessica (D:3)
  4 orc wizards
  6 adders
  8 gnolls
  A white imp (D:5)
  An ufetubus (D:5)
  2 worms
  A dart slug (D:1)
  3 fire bats (D:3)
  25 orcs
  2 spectral bats (D:3)
  5 ball pythons
  3 bat skeletons (D:3)
  A bat zombie (D:3)
  4 endoplasms
  6 giant cockroaches
  9 goblins
  12 hobgoblins
  7 jackals
  8 kobolds
  4 quokkas
  14 bats
  A bat simulacrum (D:3)
  3 frilled lizards
  4 rats
172 creatures vanquished.

Vanquished Creatures (others)
  21 plants
21 creatures vanquished.

Grand Total: 193 creatures vanquished

Notes
Turn   | Place    | Note
-------+----------+-------------------------------------------
     0 | D:1      | porpoise the Demonspawn Gladiator began the quest for the
                  | Orb.
     0 | D:1      | Reached XP level 1. HP: 16/16 MP: 1/1
   180 | D:1      | Gained mutation: You regenerate magic rapidly. [demonic
                  | ancestry]
   180 | D:1      | Reached XP level 2. HP: 21/22 MP: 2/2
   416 | D:1      | Found a faded altar of an unknown god.
   612 | D:1      | Reached skill level 3 in Polearms
   899 | D:2      | Gained mutation: You are partially covered in icy blue
                  | scales. (AC +2) [demonic ancestry]
   899 | D:2      | Reached XP level 3. HP: 28/28 MP: 3/3
  1074 | D:2      | Reached XP level 4. HP: 23/34 MP: 4/4
  1398 | D:3      | Noticed Sigmund
  1448 | D:3      | Killed Sigmund
  1449 | D:3      | Reached skill level 4 in Polearms
  1449 | D:3      | Reached XP level 5. HP: 41/41 MP: 5/5
  1626 | D:3      | Reached XP level 6. HP: 33/48 MP: 6/6
  1734 | D:3      | Noticed Jessica
  1739 | D:3      | Killed Jessica
  1836 | D:3      | Found a hide-covered altar of Uskayaw.
  1957 | D:3      | Found an ornate altar of the Wu Jian Council.
  2377 | D:3      | Reached skill level 5 in Polearms
  2642 | D:4      | Found a staircase to the Ecumenical Temple.
  2741 | Temple   | Entered the Ecumenical Temple
  2871 | D:1      | Prayed at the altar of an unknown god.
  2871 | D:1      | Became a worshipper of Trog the Wrathful
  2871 | D:1      | Reached * piety under Trog
  3193 | D:4      | Gained mutation: You have a pair of small antennae on your
                  | head. [demonic ancestry]
  3193 | D:4      | Reached XP level 7. HP: 48/55 MP: 7/7
  3226 | D:4      | Found a stormy altar of Qazlal.
  3268 | D:4      | Reached skill level 6 in Polearms
  3424 | D:4      | Reached skill level 5 in Fighting
  3493 | D:4      | Found a shadowy altar of Dithmenos.
  3631 | D:4      | Found a bloodstained altar of Trog.
  3760 | D:4      | Found a faded altar of an unknown god.
  3760 | D:4      | Found a faded altar of an unknown god.
  3762 | D:4      | Found a hazy altar of Hepliaklqana.
  3768 | D:4      | Reached ** piety under Trog
  3847 | D:5      | Entered Level 5 of the Dungeon
  4103 | D:5      | Found a broken altar of Ashenzari.
  4126 | D:5      | Found Paritann's Jewellery Shop.
  4181 | D:5      | Found a burning altar of Makhleb.
  4207 | D:5      | Reached skill level 7 in Polearms
  4316 | D:5      | Gained mutation: You are partially covered in sharp spines.
                  | [demonic ancestry]
  4316 | D:5      | Reached XP level 8. HP: 60/63 MP: 8/8
  4332 | D:5      | Found Akulael's Weapon Shop.
  4372 | D:5      | Reached skill level 8 in Polearms
  4687 | D:6      | Found a sacrificial altar of Ru.
  5759 | D:7      | Reached skill level 9 in Polearms
  5759 | D:7      | Gained mutation: You have a pair of antennae on your head.
                  | [demonic ancestry]
  5759 | D:7      | Reached XP level 9. HP: 66/71 MP: 9/9
  6278 | D:7      | Found a snail-covered altar of Cheibriados.
  6959 | D:8      | Reached skill level 1 in Staves
  6959 | D:8      | Reached skill level 1 in Armour
  6986 | D:8      | HP: 5/108 [poisoned by a killer bee]
  6987 | D:8      | HP: 1/108 [poisoned by a killer bee]
  6987 | D:8      | Slain by a killer bee

Illustrated notes

Levels and vault maps discovered:
D:1:      dpeg_arrival_tiny_g, layout_basic,
          dreamdust_ecumenical_altar_hidden_monk_grotto
D:2:      layout_rooms, minmay_tree_intersection
D:3:      layout_basic, pdpol_wu_jian_five_deadly_venoms, lemuel_crystal_altar,
          grunt_ministairs_12, goddamned_bats, uniq_sigmund, uniq_jessica
D:4:      layout_cave_pools, trog_hazing_becter,
          nicolae_qazlal_eye_of_the_storm,
          nicolae_hepliaklqana_ecumenical_no_more, zin_academy,
          nicolae_dithmenos_shadow_blocks, minmay_temple_entry_mini_moons
D:5:      layout_basic, mainiacjoe_overflow_six_doors_small,
          nicolae_ashenzari_skybound, serial_shops,
          nicolae_shop_bloodbath_and_beyond, nicolae_shop_waterfront
D:6:      wad_woods_pond, layout_loops_corners, amcnicky_altar_gilded
D:7:      layout_loops_ring, chei_slow_surprise, minmay_misc_feat_hallway
D:8:      wad_woods_minihive, layout_basic, kennysheep_little_box, serial_shops,
          nicolae_shop_hallway_plus, uniq_joseph
Temple:   nicolae_temple_ecumenical_triangle

Skill      XL: |  1  2  3  4  5  6  7  8  9 |
---------------+----------------------------+-----
Throwing       | 2 |  2.4
Polearms       | 3 4 5 7 9 |  9.5
Dodging        | 3 4 |  4.0
Fighting       | 3 4 5 6 7 |  7.0
Staves         | 2 |  2.0
Armour         | 2 |  2.0

Action                   |  1- 3 |  4- 6 |  7- 9 || total
-------------------------+-------+-------+-------++-------
Melee: Trident           |    82 |   178 |   114 ||   374
       Lajatang          |       |    82 |   146 ||   228
       Punch             |       |     1 |     1 ||     2
Throw: Throwing net      |       |     1 |       ||     1
Invok: Berserk           |       |     1 |     4 ||     5
       Trog's Hand       |       |       |     3 ||     3
  Use: Potion            |       |     1 |       ||     1
       Scroll            |       |       |    12 ||    12
 Stab: Sleeping          |     5 |       |       ||     5
Armor: Leather armour    |    18 |       |       ||    18
       Ring mail         |     3 |   194 |   115 ||   312
       Skin              |       |     3 |       ||     3
Dodge: Dodged            |    31 |   205 |   200 ||   436

Table legend: (Time is in decaauts)
 A = Elapsed time spent in this place.
 B = Non-inter-level travel time spent in this place.
 C = Inter-level travel time spent in this place.
 D = Time resting spent in this place.
 E = Time spent auto-exploring this place.
 F = Levels seen in this place.
 G = Mean time per level.
                   A        B        C        D        E       F      G
               +--------+--------+--------+--------+--------+-----+--------+
         Total |   7082 |   6691 |    391 |   1356 |   3896 |   9 |  786.9 |
       Dungeon |   7035 |   6652 |    383 |   1356 |   3866 |   8 |  879.4 |
        Temple |     46 |     38 |      8 |      0 |     30 |   1 |   46.0 |
               +--------+--------+--------+--------+--------+-----+--------+

Top non-repeatable levels by time:
     D:3: 1269 daAuts
     D:7: 1220 daAuts
     D:6: 1173 daAuts
     D:4: 1040 daAuts
     D:1: 957 daAuts
     D:5: 761 daAuts
     D:2: 585 daAuts
  Temple: 46 daAuts
     D:8: 27 daAuts
